TOP OF THE 1ST |
Portland Angels batting - Pitching for Houston Colt .45's : LHP Manny Gonzales
|
Pitching: LHP Manny Gonzales
|
|
Batting: RHB Jose Garduno
|
0-0: Called Strike 0-1: Ball 1-1: Ball 2-1: Foul Ball, location: 2F 2-2: Ball 3-2: Fly out, F3 (Line Drive, 3, EV 70.6 MPH)
|
Batting: RHB Steve Neely
|
0-0: SINGLE (Line Drive, 7S, EV 91.2 MPH)
|
Batting: LHB Pavla Markianov
|
0-0: Called Strike 0-1: Foul Ball, location: 2F 0-2: Ball 1-2: Strikes out looking Steve Neely is caught stealing 2nd base 2-6 Batter strikes out.
|
Top of the 1st over - 0 runs, 1 hit, 0 errors, 0 left on base; Portland 0 - Houston 0 |
BOTTOM OF THE 1ST |
Houston Colt .45's batting - Pitching for Portland Angels : LHP Lee Wendt
|
Pitching: LHP Lee Wendt
|
|
Batting: SHB Terciero Ortiz
|
0-0: Ball 1-0: Foul Ball, location: 2F 1-1: Swinging Strike 1-2: Foul Ball, location: 2F 1-2: Strikes out swinging
|
Batting: LHB Bert Middleton
|
0-0: Ball 1-0: Ball 2-0: Called Strike 2-1: Foul Ball, location: 2F 2-2: Strikes out swinging
|
Batting: RHB Tim Williams
|
0-0: Called Strike 0-1: Ball 1-1: Ball 2-1: Called Strike 2-2: Ground out 4-3 (Groundball, 34, EV 86.9 MPH)
|
Bottom of the 1st over - 0 runs, 0 hits, 0 errors, 0 left on base; Portland 0 - Houston 0 |
TOP OF THE 2ND |
Portland Angels batting - Pitching for Houston Colt .45's : LHP Manny Gonzales
|
Batting: RHB Alex Rosaly
|
0-0: Called Strike 0-1: Ball 1-1: Ball 2-1: Ball 3-1: Swinging Strike 3-2: Strikes out looking
|
Batting: LHB Kevin Feldman
|
0-0: Called Strike 0-1: Swinging Strike 0-2: Fly out, F8 (Line Drive, 89M, EV 85.6 MPH)
|
Batting: RHB Jesse Sargent
|
0-0: Ball 1-0: Ball 2-0: Called Strike 2-1: Ground out U3 (Groundball, 34, EV 82.5 MPH)
|
Top of the 2nd over - 0 runs, 0 hits, 0 errors, 0 left on base; Portland 0 - Houston 0 |
BOTTOM OF THE 2ND |
Houston Colt .45's batting - Pitching for Portland Angels : LHP Lee Wendt
|
Batting: LHB Vecdi Hodensack
|
0-0: Called Strike 0-1: Ball 1-1: Ball 2-1: Swinging Strike 2-2: Strikes out swinging
|
Batting: RHB Bill Borden
|
0-0: Ball 1-0: Swinging Strike 1-1: Foul Ball, location: 2F 1-2: Ball 2-2: Ball 3-2: SINGLE (Groundball, 6MD, EV 98.8 MPH)
|
Batting: LHB Ryan Fridley
|
0-0: Ball 1-0: Ball 2-0: DOUBLE (Flyball, 8RXD, EV 111.2 MPH) Bill Borden to third
|
Batting: RHB Fernando Acosta
|
0-0: Ball 1-0: Foul Ball, location: 2F 1-1: Swinging Strike 1-2: Strikes out swinging
|
Batting: RHB Kenny Beall
|
0-0: SINGLE (Flyball, 4MD, EV 90.0 MPH) Bill Borden scores Ryan Fridley to third Runner from 3rd tries for Home, SAFE, throw by CF to home
|
Batting: LHB Casper Significant
|
0-0: Fly out, F7 (Line Drive, 7, EV 91.9 MPH)
|
Bottom of the 2nd over - 2 runs, 3 hits, 0 errors, 1 left on base; Portland 0 - Houston 2 |
TOP OF THE 3RD |
Portland Angels batting - Pitching for Houston Colt .45's : LHP Manny Gonzales
|
Batting: LHB David Coatney
|
0-0: Swinging Strike 0-1: Called Strike 0-2: Foul Ball, location: 2F 0-2: Strikes out swinging
|
Batting: LHB Miguel Hernandez
|
0-0: Ball 1-0: Called Strike 1-1: Called Strike 1-2: Ball 2-2: Strikes out looking
|
Batting: LHB John Harvey
|
0-0: SINGLE (Line Drive, 4D, EV 104.4 MPH)
|
Batting: RHB Jose Garduno
|
0-0: Swinging Strike 0-1: Ball 1-1: Ball 2-1: Swinging Strike 2-2: Foul Ball, location: 2F 2-2: Foul Ball, location: 2F 2-2: Strikes out swinging
|
Top of the 3rd over - 0 runs, 1 hit, 0 errors, 1 left on base; Portland 0 - Houston 2 |
BOTTOM OF THE 3RD |
Houston Colt .45's batting - Pitching for Portland Angels : LHP Lee Wendt
|
Batting: SHB Terciero Ortiz
|
0-0: Called Strike 0-1: Swinging Strike 0-2: Ball 1-2: Ground out 5-3 (Groundball, 56, EV 90.0 MPH)
|
Batting: LHB Bert Middleton
|
0-0: Fly out, F7 (Flyball, 7D, EV 100.0 MPH)
|
Batting: RHB Tim Williams
|
0-0: Called Strike 0-1: Ball 1-1: Called Strike 1-2: Foul Ball, location: 2F 1-2: Foul Ball, location: 2F 1-2: Ball 2-2: Foul Ball, location: 2F 2-2: Ball 3-2: Strikes out swinging
|
Bottom of the 3rd over - 0 runs, 0 hits, 0 errors, 0 left on base; Portland 0 - Houston 2 |
TOP OF THE 4TH |
Portland Angels batting - Pitching for Houston Colt .45's : LHP Manny Gonzales
|
Batting: RHB Steve Neely
|
0-0: Reached on error, E4 (Groundball, 4, EV 81.2 MPH)
|
Batting: LHB Pavla Markianov
|
0-0: Ball 1-0: Called Strike Steve Neely is caught stealing 2nd base 2-6 1-1: Ball 2-1: DOUBLE (Flyball, 78D, EV 92.5 MPH)
|
Batting: RHB Alex Rosaly
|
0-0: Ball 1-0: Swinging Strike 1-1: Ground out 5-3 (Groundball, 56D, EV 84.4 MPH)
|
Batting: LHB Kevin Feldman
|
0-0: Ball 1-0: Swinging Strike 1-1: SINGLE (Groundball, 4M, EV 103.8 MPH) (infield hit) Pavla Markianov to third
|
Batting: RHB Jesse Sargent
|
0-0: Ball 1-0: Ball 2-0: Called Strike 2-1: Called Strike 2-2: Strikes out looking
|
Top of the 4th over - 0 runs, 2 hits, 1 error, 2 left on base; Portland 0 - Houston 2 |
BOTTOM OF THE 4TH |
Houston Colt .45's batting - Pitching for Portland Angels : LHP Lee Wendt
|
Batting: LHB Vecdi Hodensack
|
0-0: Ball 1-0: Foul Ball, location: 2F 1-1: Ball 2-1: Foul Ball, location: 2F 2-2: Ball 3-2: Foul Ball, location: 2F 3-2: Ground out 4-3 (Groundball, 4M, EV 98.8 MPH)
|
Batting: RHB Bill Borden
|
0-0: Ball 1-0: Swinging Strike 1-1: Foul Ball, location: 2F 1-2: Ground out 6-3 (Groundball, 6M, EV 83.1 MPH)
|
Batting: LHB Ryan Fridley
|
0-0: Swinging Strike 0-1: Foul Ball, location: 2F 0-2: Ball 1-2: Foul Ball, location: 2F 1-2: Foul Ball, location: 2F 1-2: SINGLE (Line Drive, 8LS, EV 104.4 MPH)
|
Batting: RHB Fernando Acosta
|
0-0: Called Strike 0-1: Ball 1-1: Ball 2-1: Ground out 1-3 (Groundball, 13S, EV 66.2 MPH)
|
Bottom of the 4th over - 0 runs, 1 hit, 0 errors, 1 left on base; Portland 0 - Houston 2 |
TOP OF THE 5TH |
Portland Angels batting - Pitching for Houston Colt .45's : LHP Manny Gonzales
|
Batting: LHB David Coatney
|
0-0: Swinging Strike 0-1: Ball 1-1: Called Strike 1-2: Ball 2-2: Foul Ball, location: 2F 2-2: Ball 3-2: SOLO HOME RUN (Line Drive, 89XD, EV 113.8 MPH), Distance : 425 ft
|
Batting: LHB Miguel Hernandez
|
0-0: Called Strike 0-1: Ball 1-1: Bunt missed! 1-2: Foul Ball, location: 2F 1-2: Foul Ball, location: 2F 1-2: Strikes out looking
|
Batting: LHB John Harvey
|
0-0: Ball 1-0: Ball 2-0: Ball 3-0: Called Strike 3-1: Foul Ball, location: 2F 3-2: Strikes out swinging
|
Batting: RHB Jose Garduno
|
0-0: Foul Ball, location: 2F 0-1: Foul Ball, location: 2F 0-2: Ground out 4-3 (Groundball, 4, EV 89.4 MPH)
|
Top of the 5th over - 1 run, 1 hit, 0 errors, 0 left on base; Portland 1 - Houston 2 |
BOTTOM OF THE 5TH |
Houston Colt .45's batting - Pitching for Portland Angels : LHP Lee Wendt
|
Batting: RHB Kenny Beall
|
0-0: Ball 1-0: Ball 2-0: Fly out, F7 (Flyball, 78M, EV 85.6 MPH)
|
Batting: LHB Casper Significant
|
0-0: Ground out 5-3 (Groundball, 56, EV 103.8 MPH)
|
Batting: SHB Terciero Ortiz
|
0-0: Ball 1-0: Called Strike 1-1: Ground out 6-3 (Groundball, 6M, EV 81.9 MPH)
|
Bottom of the 5th over - 0 runs, 0 hits, 0 errors, 0 left on base; Portland 1 - Houston 2 |
TOP OF THE 6TH |
Portland Angels batting - Pitching for Houston Colt .45's : LHP Manny Gonzales
|
Pitching: LHP Frank Vazquez
|
|
Batting: RHB Steve Neely
|
0-0: Bunted foul 0-1: Ball 1-1: Foul Ball, location: 2F 1-2: Strikes out swinging
|
Batting: LHB Pavla Markianov
|
0-0: Called Strike 0-1: Called Strike 0-2: Ball 1-2: Foul Ball, location: 2F 1-2: Strikes out swinging
|
Batting: RHB Alex Rosaly
|
0-0: Ball 1-0: Called Strike 1-1: Ball 2-1: Ball 3-1: Swinging Strike 3-2: Foul Ball, location: 2F 3-2: Foul Ball, location: 2F 3-2: Base on Balls
|
Pinch Hitting: SHB Cesar Carrasquillo
|
0-0: Ball 1-0: Ball 2-0: Ball 3-0: Called Strike 3-1: Foul Ball, location: 2F 3-2: Base on Balls Alex Rosaly to second
|
Batting: RHB Jesse Sargent
|
0-0: Ball 1-0: Ball 2-0: Swinging Strike 2-1: Called Strike 2-2: Foul Ball, location: 2F 2-2: Ball 3-2: Strikes out looking
|
Top of the 6th over - 0 runs, 0 hits, 0 errors, 2 left on base; Portland 1 - Houston 2 |
BOTTOM OF THE 6TH |
Houston Colt .45's batting - Pitching for Portland Angels : LHP Lee Wendt
|
Now in LF: Dan Contreras
|
|
Batting: LHB Bert Middleton
|
0-0: Fly out, F7 (Flyball, 78S, EV 91.9 MPH)
|
Batting: RHB Tim Williams
|
0-0: Ball 1-0: Foul Ball, location: 2F 1-1: Swinging Strike 1-2: Ball 2-2: Strikes out swinging
|
Batting: LHB Vecdi Hodensack
|
0-0: Foul Ball, location: 2F 0-1: Ball 1-1: Fly out, F7 (Flyball, 7D, EV 90.0 MPH)
|
Bottom of the 6th over - 0 runs, 0 hits, 0 errors, 0 left on base; Portland 1 - Houston 2 |
TOP OF THE 7TH |
Portland Angels batting - Pitching for Houston Colt .45's : LHP Frank Vazquez
|
Pinch Hitting: RHB Fernando Sosa
|
0-0: Swinging Strike 0-1: Swinging Strike 0-2: Strikes out swinging
|
Batting: LHB Jon Rahn
|
0-0: Ball 1-0: Ball 2-0: Called Strike 2-1: Foul Ball, location: 2F 2-2: Foul Ball, location: 2F 2-2: Foul Ball, location: 2F 2-2: Strikes out swinging
|
Pinch Hitting: SHB Manuel Martinez
|
0-0: Ball 1-0: Ball 2-0: Called Strike 2-1: Swinging Strike 2-2: Strikes out looking
|
Top of the 7th over - 0 runs, 0 hits, 0 errors, 0 left on base; Portland 1 - Houston 2 |
BOTTOM OF THE 7TH |
Houston Colt .45's batting - Pitching for Portland Angels : LHP Lee Wendt
|
Pitching: LHP Jim Roney
|
|
Now at SS: Fernando Sosa
|
|
Now in LF: Lourens Aukema
|
|
Now in RF: Dan Contreras
|
|
Batting: RHB Bill Borden
|
0-0: Ball 1-0: Ball 2-0: Fly out, F8 (Flyball, 8RM, EV 85.6 MPH)
|
Batting: LHB Ryan Fridley
|
0-0: Called Strike 0-1: Called Strike 0-2: Ground out 3-1 (Groundball, 34S, EV 89.4 MPH)
|
Batting: RHB Fernando Acosta
|
0-0: Ball 1-0: Fly out, F4 (Popup, 4MD, EV 48.8 MPH)
|
Bottom of the 7th over - 0 runs, 0 hits, 0 errors, 0 left on base; Portland 1 - Houston 2 |
TOP OF THE 8TH |
Portland Angels batting - Pitching for Houston Colt .45's : LHP Frank Vazquez
|
Pitching: RHP Rory Mozer
|
|
Pinch Hitting: RHB Shawn Jansen
|
0-0: Swinging Strike 0-1: Foul Ball, location: 2F 0-2: Ground out 6-3 (Groundball, 6, EV 76.9 MPH)
|
Batting: RHB Steve Neely
|
0-0: Called Strike 0-1: Ground out 4-3 (Groundball, 34, EV 105.6 MPH)
|
Batting: LHB Pavla Markianov
|
0-0: Ball 1-0: Ball 2-0: Swinging Strike 2-1: Ball 3-1: Fly out, F9 (Flyball, 9D, EV 99.4 MPH)
|
Top of the 8th over - 0 runs, 0 hits, 0 errors, 0 left on base; Portland 1 - Houston 2 |
BOTTOM OF THE 8TH |
Houston Colt .45's batting - Pitching for Portland Angels : LHP Jim Roney
|
Now at 1B: Mario Martinez
|
|
Now at 2B: Alex Rosaly
|
|
Batting: RHB Kenny Beall
|
0-0: Called Strike 0-1: Foul Ball, location: 2F 0-2: Strikes out swinging
|
Batting: LHB Casper Significant
|
0-0: Ground out 5-3 (Groundball, 56, EV 104.4 MPH)
|
Batting: SHB Terciero Ortiz
|
0-0: Ball 1-0: Swinging Strike 1-1: Ball 2-1: Foul Ball, location: 2F 2-2: Strikes out swinging, 2-3 out at first.
|
Bottom of the 8th over - 0 runs, 0 hits, 0 errors, 0 left on base; Portland 1 - Houston 2 |
TOP OF THE 9TH |
Portland Angels batting - Pitching for Houston Colt .45's : RHP Rory Mozer
|
Pitching: RHP Kenyu Tanaka
|
|
Batting: RHB Alex Rosaly
|
0-0: Called Strike 0-1: Ball 1-1: Ball 2-1: Called Strike 2-2: Ball 3-2: Strikes out swinging
|
Pinch Hitting: SHB Marty Kuehn
|
0-0: Ball 1-0: Ball 2-0: Foul Ball, location: 2F 2-1: Called Strike 2-2: Foul Ball, location: 2F 2-2: Reached on error, E6 (Groundball, 6, EV 86.9 MPH)
|
Batting: RHB Jesse Sargent
|
0-0: Ball 1-0: Ground out 4-3 (Groundball, 13, EV 90.0 MPH) Marty Kuehn to second
|
Batting: RHB Fernando Sosa
|
0-0: Called Strike 0-1: Foul Ball, location: 2F 0-2: Ball 1-2: Ball 2-2: Foul Ball, location: 2F 2-2: SINGLE (Line Drive, 6M, EV 106.2 MPH) Marty Kuehn to third Runner from 3rd tries for Home, SAFE, throw by CF to home
|
Batting: LHB Jon Rahn
|
0-0: Called Strike Fernando Sosa is caught stealing 2nd base 2-6
|
Top of the 9th over - 1 run, 1 hit, 1 error, 0 left on base; Portland 2 - Houston 2 |
BOTTOM OF THE 9TH |
Houston Colt .45's batting - Pitching for Portland Angels : LHP Jim Roney
|
Now in RF: Marty Kuehn
|
|
Batting: RHB Josh Reisner
|
0-0: Fly out, F9 (Flyball, 9D, EV 85.6 MPH)
|
Batting: RHB Tim Williams
|
0-0: Foul Ball, location: 2F 0-1: Ball 1-1: Foul Ball, location: 2F 1-2: Foul Ball, location: 2F 1-2: Foul Ball, location: 2F 1-2: Strikes out swinging
|
Batting: LHB Vecdi Hodensack
|
0-0: Ball 1-0: Foul Ball, location: 2F 1-1: Ground out 4-3 (Groundball, 4, EV 103.1 MPH)
|
Bottom of the 9th over - 0 runs, 0 hits, 0 errors, 0 left on base; Portland 2 - Houston 2 |
TOP OF THE 10TH |
Portland Angels batting - Pitching for Houston Colt .45's : RHP Kenyu Tanaka
|
Batting: LHB Jon Rahn
|
0-0: Called Strike 0-1: Ball 1-1: Foul Ball, location: 2F 1-2: Ball 2-2: Foul Ball, location: 2F 2-2: Fly out, F9 (Flyball, 9D, EV 100.0 MPH)
|
Batting: LHB Lourens Aukema
|
0-0: Called Strike 0-1: Ground out 4-3 (Groundball, 4, EV 81.9 MPH)
|
Pinch Hitting: LHB Lupe Garcia
|
0-0: Foul Ball, location: 2F 0-1: Ball 1-1: Swinging Strike 1-2: Fly out, F7 (Flyball, 78M, EV 91.2 MPH)
|
Top of the 10th over - 0 runs, 0 hits, 0 errors, 0 left on base; Portland 2 - Houston 2 |
BOTTOM OF THE 10TH |
Houston Colt .45's batting - Pitching for Portland Angels : LHP Jim Roney
|
Pitching: RHP John Martin
|
|
Now at 1B: Esteban Rangel
|
|
Pinch Hitting: LHB Bob Neale
|
0-0: Ball 1-0: Called Strike 1-1: Foul Ball, location: 2F 1-2: Strikes out swinging
|
Batting: LHB Ryan Fridley
|
0-0: Called Strike 0-1: Ball 1-1: Called Strike 1-2: Strikes out looking
|
Batting: RHB Fernando Acosta
|
0-0: Called Strike 0-1: Foul Ball, location: 2F 0-2: Strikes out swinging
|
Bottom of the 10th over - 0 runs, 0 hits, 0 errors, 0 left on base; Portland 2 - Houston 2 |
TOP OF THE 11TH |
Portland Angels batting - Pitching for Houston Colt .45's : RHP Kenyu Tanaka
|
Now in RF: Jamie Walker
|
|
Batting: RHB Steve Neely
|
0-0: Ball 1-0: Foul Ball, location: 2F 1-1: Swinging Strike 1-2: Ball 2-2: Strikes out swinging
|
Batting: LHB Pavla Markianov
|
0-0: Ball 1-0: Fly out, F9 (Line Drive, 89M, EV 101.2 MPH)
|
Batting: RHB Alex Rosaly
|
0-0: Called Strike 0-1: Fly out, F9 (Line Drive, 89M, EV 101.9 MPH)
|
Top of the 11th over - 0 runs, 0 hits, 0 errors, 0 left on base; Portland 2 - Houston 2 |
BOTTOM OF THE 11TH |
Houston Colt .45's batting - Pitching for Portland Angels : RHP John Martin
|
Batting: RHB Kenny Beall
|
0-0: Ball 1-0: Ball 2-0: Swinging Strike 2-1: Foul Ball, location: 2F 2-2: Foul Ball, location: 2F 2-2: Strikes out looking
|
Batting: LHB Casper Significant
|
0-0: Ball 1-0: Ball 2-0: Fly out, F6 (Popup, 4MD, EV 70.6 MPH)
|
Batting: SHB Terciero Ortiz
|
0-0: Ball 1-0: Swinging Strike 1-1: Swinging Strike 1-2: Ball 2-2: Ball 3-2: Base on Balls
|
Batting: RHB Josh Reisner
|
0-0: Ball 1-0: Foul Ball, location: 2F 1-1: Foul Ball, location: 2F 1-2: Strikes out looking
|
Bottom of the 11th over - 0 runs, 0 hits, 0 errors, 1 left on base; Portland 2 - Houston 2 |
TOP OF THE 12TH |
Portland Angels batting - Pitching for Houston Colt .45's : RHP Kenyu Tanaka
|
Pitching: LHP Jordan Garcia
|
|
Batting: SHB Marty Kuehn
|
0-0: Ball 1-0: Called Strike 1-1: Foul Ball, location: 2F 1-2: Ball 2-2: SINGLE (Flyball, 34D, EV 89.4 MPH)
|
Batting: RHB Jesse Sargent
|
0-0: Called Strike 0-1: Swinging Strike 0-2: Ball 1-2: Ball 2-2: Strikes out swinging
|
Batting: RHB Fernando Sosa
|
0-0: Ball 1-0: Ball 2-0: Foul Ball, location: 2F 2-1: Fly out, F8 (Line Drive, 8LD, EV 104.4 MPH)
|
Batting: LHB Jon Rahn
|
0-0: Called Strike 0-1: Ball 1-1: Foul Ball, location: 2F 1-2: Strikes out swinging
|
Top of the 12th over - 0 runs, 1 hit, 0 errors, 1 left on base; Portland 2 - Houston 2 |
BOTTOM OF THE 12TH |
Houston Colt .45's batting - Pitching for Portland Angels : RHP John Martin
|
Batting: RHB Tim Williams
|
0-0: Foul Ball, location: 2F 0-1: Fly out, F9 (Line Drive, 9, EV 100.0 MPH)
|
Batting: LHB Vecdi Hodensack
|
0-0: SOLO HOME RUN (Flyball, 9LD, EV 93.1 MPH), Distance : 351 ft
|
Bottom of the 12th over - 1 run, 1 hit, 0 errors, 0 left on base; Portland 2 - Houston 3 |
|